 Dungeon Crawl Stone Soup version 0.27-a0-1200-g94dc6ad4cf (webtiles) character file.

Game seed: 6020564375322980890

2146 mandarbmax the Thaumaturge (level 9, -8/55 HPs)
             Began as a Djinni Venom Mage on May 31, 2021.
             Mangled by a vampire mosquito (9 damage)
             ... on level 6 of the Dungeon.
             The game lasted 00:17:05 (8653 turns).

mandarbmax the Thaumaturge (Djinni Venom Mage)      Turns: 8653, Time: 00:17:05

Health: -8/55      AC:  3    Str:  7    XL:     9   Next: 56%
Gold:   293        EV: 13    Int: 19    God:
                   SH:  0    Dex: 21

rFire    + + .     SeeInvis .   d - +0 mace (protect)
rCold    . . .     Faith    .   (no shield)
rNeg     . . .     Spirit   .   k - +0 robe {Archmagi}
rPois    ∞         Reflect  .   (no helmet)
rElec    .         Harm     .   (no cloak)
rCorr    .         Rampage  .   j - +0 pair of gloves
Will     .....                  (boots unavailable)
Stlth    ++........             (no amulet)
HPRegen  0.18/turn              c - ring of protection from cold
MPRegen  0.00/turn              n - +6 ring of dexterity

@: flying
A: sickness immunity, fire resistance 2, cold vulnerability 1, float, innate
caster, hp casting, extra vitality 1
a: no special abilities


You were on level 6 of the Dungeon.
You visited 1 branch of the dungeon, and saw 6 of its levels.

You collected 293 gold pieces.

Inventory:

Hand Weapons
 d - a +0 mace of protection (weapon)
Armour
 j - a +0 pair of gloves (worn)
 k - a +0 robe of the Archmagi (worn)
Jewellery
 c - a ring of protection from cold (left hand)
 n - a +6 ring of dexterity (right hand)
 u - a +4 ring of protection
Wands
 o - a wand of iceblast (18)
 r - a wand of paralysis (10)
Scrolls
 h - 3 scrolls of enchant weapon
 i - a scroll of magic mapping
 l - a scroll of brand weapon {unknown}
 m - a scroll of noise {unknown}
 p - a scroll of immolation {unknown}
 q - a scroll of summoning {unknown}
 t - 3 scrolls of teleportation {unknown}
Potions
 a - 4 potions of lignification
 b - a potion of mutation
 e - a potion of haste
 f - a potion of curing {unknown}
 g - 2 potions of heal wounds
 s - a potion of brilliance {unknown}
 v - a potion of attraction {unknown}


   Skills:
 - Level 2.1 Dodging
 - Level 1.5 Stealth
 + Level 9.6 Spellcasting


You had 5 spell levels left.
You knew the following spells:

 Your Spells              Type           Power      Damage    Failure   Level
a - Sting                 Tmut/Pois      100%       1d8       1%          1
b - Poisonous Vapours     Pois/Air       100%       N/A       1%          2
c - Mephitic Cloud        Conj/Pois/Air  62%        N/A       1%          3
d - Ignite Poison         Fire/Tmut/Pois 62%        N/A       1%          3
e - Olgreb's Toxic Radia  Pois           62%        N/A       1%          4
f - Corona                Hex            68%        N/A       1%          1
g - Blink                 Tloc           N/A        N/A       1%          2
h - Slow                  Hex            62%        N/A       1%          2
i - Iskenderun's Mystic   Conj/Tloc      62%        2d13      1%          4
Your spell library was empty.

Dungeon Overview and Level Annotations

Branches:
Dungeon (6/15)
 Temple: D:4-7

Altars:


Innate Abilities, Weirdness & Mutations

You are immune to sickness and miasma.
You are immune to poison.
Your flesh is very heat resistant. (rF++)
You are vulnerable to cold. (rC-)
You float through the air rather than walking.
You learn spells naturally, not from books.
Your magical power is your life essence.
You have superior vitality. (+4 HP)


Message History

Unknown command.
Casting: Mephitic Cloud (safe; 1% risk of failure)
Confirm with . or Enter, or press ? or * to list all spells.
You feel a surge of power!
You ignite the poison in your surroundings!
The vampire mosquito is engulfed in blazing flames.
The vampire mosquito closely misses you.
The vampire mosquito is engulfed in blazing flames.
Casting: Ignite Poison (safe; 1% risk of failure)
Confirm with . or Enter, or press ? or * to list all spells.
You don't know that spell.
Unknown command.
Unknown command.
The vampire mosquito is engulfed in blazing flames.
Casting: Ignite Poison (safe; 1% risk of failure)
Confirm with . or Enter, or press ? or * to list all spells.
Aiming: Mephitic Cloud (safe; 1% risk of failure)
Press: ? - help, Shift-Dir - straight line, f/p - vampire mosquito
Aim: a vampire mosquito (almost destroyed, not susceptible)
You feel a surge of power!
The ball explodes into a vile cloud!
The stinking cloud engulfs the vampire mosquito but does no damage.
The vampire mosquito is almost destroyed.
The stinking cloud engulfs you but does no damage.
The stinking cloud engulfs the vampire mosquito but does no damage.
The vampire mosquito is moderately damaged.
The vampire mosquito bites you but does no damage.
The vampire mosquito barely misses you. The vampire mosquito bites you.
* * * LOW HITPOINT WARNING * * *
The vampire mosquito closely misses you.
Casting: Mephitic Cloud (safe; 1% risk of failure)
Confirm with . or Enter, or press ? or * to list all spells.
You feel a surge of power!
You ignite the poison in your surroundings!
* * * LOW HITPOINT WARNING * * *
The vampire mosquito bites you!
* * * LOW HITPOINT WARNING * * *
The vampire mosquito is engulfed in blazing flames.
You destroy the vampire mosquito!
The vampire mosquito bites you!
You die...

.. .. .. #. #.# .
##.####.## .####
......>. #z..
...#..# #.###...
#.)#..# <†..s...
#°.#..#
######..#####°§#y.#
# ......§§☼@.# #
######§.#.####.# #
#.......#.# #
##.#.##.#.# .
#.#.##.#.# .
..#......#
#######...# #...#
#...#


You could see a vampire mosquito.

Vanquished Creatures
  Sigmund (D:2)
  2 vampire mosquitoes (D:6)
  A water moccasin (D:6)
  An ice beast (D:5)
  2 necrophages
  2 black bears
  2 ogres (D:6)
  A phantom (D:5)
  2 scorpions
  A water moccasin skeleton (D:4)
  2 wights
  A bullfrog zombie (D:6)
  A centaur zombie (D:4)
  2 hounds (D:3)
  An orc priest (D:4)
  A jelly (D:5)
  3 bullfrog skeletons
  A centaur skeleton (D:4)
  2 iguanas
  6 orc wizards
  2 killer bee zombies
  5 gnolls
  11 adders
  A shadow imp (D:5)
  An ufetubus (D:6)
  An adder skeleton (D:4)
  2 worms
  3 dart slugs
  22 orcs
  7 ball pythons
  7 bats
  3 endoplasms
  A giant cockroach (D:1)
  8 goblins
  9 hobgoblins
  12 jackals
  4 kobolds
  5 quokkas
  6 rats
145 creatures vanquished.

Vanquished Creatures (others)
  A plant (D:4)
1 creature vanquished.

Grand Total: 146 creatures vanquished

Notes
Turn   | Place    | Note
-------+----------+-------------------------------------------
     0 | D:1      | mandarbmax the Djinni Venom Mage began the quest for the
                  | Orb.
     0 | D:1      | Reached XP level 1. HP: 15/15 MP: 0/0
   229 | D:1      | Reached XP level 2. HP: 18/21 MP: 0/0
   488 | D:1      | Reached skill level 3 in Spellcasting
   847 | D:1      | Reached XP level 3. HP: 23/25 MP: 0/0
   847 | D:1      | Learned a level 1 spell: Corona
  1474 | D:2      | Reached XP level 4. HP: 27/31 MP: 0/0
  2521 | D:2      | Reached skill level 4 in Spellcasting
  2558 | D:2      | Noticed Sigmund
  2573 | D:2      | Killed Sigmund
  2574 | D:2      | Reached skill level 5 in Spellcasting
  2574 | D:2      | Reached XP level 5. HP: 28/35 MP: 0/0
  2574 | D:2      | Learned a level 2 spell: Blink
  2574 | D:2      | Reached XP level 6. HP: 32/40 MP: 0/0
  3688 | D:3      | Noticed a necrophage
  3693 | D:3      | Killed a necrophage
  3694 | D:3      | Reached XP level 7. HP: 39/45 MP: 0/0
  3694 | D:3      | Learned a level 2 spell: Slow
  3918 | D:3      | Reached skill level 6 in Spellcasting
  4891 | D:4      | Reached XP level 8. HP: 25/50 MP: 0/0
  5305 | D:4      | Reached skill level 7 in Spellcasting
  6770 | D:5      | Entered Level 5 of the Dungeon
  6987 | D:5      | Reached skill level 8 in Spellcasting
  7819 | D:6      | Reached XP level 9. HP: 41/55 MP: 0/0
  7819 | D:6      | Learned a level 4 spell: Iskenderun's Mystic Blast
  8096 | D:6      | Reached skill level 9 in Spellcasting
  8653 | D:6      | HP: 1/55 [vampire mosquito (10)]
  8653 | D:6      | Mangled by a vampire mosquito

Illustrated notes

Levels and vault maps discovered:
D:1:      evilmike_arrival_hilbert_curve, layout_rooms
D:2:      layout_loops_ring, kennysheep_doodads, uniq_sigmund
D:3:      layout_basic, cheibrodos_gnoll_hut
D:4:      minmay_inner_zag, layout_loops_ring, guppyfry_early_lair_pool
D:5:      layout_gridville, kennysheep_small_square
D:6:      layout_loops_ring, minmay_misc_feat_plants,
          minmay_misc_feat_secret_circle

Skill      XL: |  1  2  3  4  5  6  7  8  9 |
---------------+----------------------------+-----
Spellcasting   | 3 5 6 8 9 |  9.6
Dodging        | |  2.1
Stealth        | |  1.5

Action                   |  1- 3 |  4- 6 |  7- 9 || total
-------------------------+-------+-------+-------++-------
Melee: Dagger            |       |    10 |       ||    10
       Mace              |       |       |    39 ||    39
 Cast: Sting             |    33 |    10 |     4 ||    47
       Poisonous Vapours |    17 |    68 |    80 ||   165
       Ignite Poison     |       |     1 |    29 ||    30
       Mephitic Cloud    |       |     1 |    28 ||    29
       Olgreb's Toxic Ra |       |       |     6 ||     6
  Use: Scroll            |       |       |     7 ||     7
       Potion            |       |       |     1 ||     1
 Stab: Sleeping          |       |       |     1 ||     1
Armor: Robe              |       |     3 |    22 ||    25
Dodge: Dodged            |     8 |    14 |    59 ||    81

Table legend: (Time is in decaauts)
 A = Elapsed time spent in this place.
 B = Non-inter-level travel time spent in this place.
 C = Inter-level travel time spent in this place.
 D = Time resting spent in this place.
 E = Time spent auto-exploring this place.
 F = Levels seen in this place.
 G = Mean time per level.
                   A        B        C        D        E       F      G
               +--------+--------+--------+--------+--------+-----+--------+
         Total |   8669 |   8405 |    264 |   3262 |   4455 |   6 | 1444.8 |
       Dungeon |   8669 |   8405 |    264 |   3262 |   4455 |   6 | 1444.8 |
               +--------+--------+--------+--------+--------+-----+--------+

Top non-repeatable levels by time:
     D:4: 1935 daAuts
     D:3: 1826 daAuts
     D:2: 1819 daAuts
     D:5: 1301 daAuts
     D:1: 1196 daAuts
     D:6: 590 daAuts
